 Dungeon Crawl Stone Soup version 0.29.1-2-gbd0b4ee654 (webtiles) character file.

Game seed: 10402518441653849107

305 GeoRichter the Grave Robber (level 6, -1/32 HPs)
             Began as a Deep Elf Necromancer on Nov 13, 2022.
             Slain by a phantom (4 damage)
             ... on level 4 of the Dungeon.
             The game lasted 00:05:38 (3614 turns).

GeoRichter the Grave Robber (Deep Elf Necromancer)  Turns: 3614, Time: 00:05:39

Health: -1/32      AC:  7    Str:  7    XL:     6   Next: 15%
Magic:  25/25      EV: 12    Int: 20    God:
Gold:   204        SH:  0    Dex: 15    Spells: 12/16 levels left

rFire   . . .      SeeInvis +   k - +0 spear
rCold   . . .      Faith    .   (no shield)
rNeg    . . .      Spirit   .   o - +0 leather armour
rPois   .          Reflect  .   (no helmet)
rElec   .          Harm     .   i - +2 cloak
rCorr   .          Rampage  .   u - +0 pair of gloves
Will    .....                   (no boots)
Stlth   ++........              (no amulet)
HPRegen 0.10/turn               e - ring of see invisible
MPRegen 0.19/turn               v - ring of magical power

@: weak-willed
A: no striking features
a: no special abilities


You were on level 4 of the Dungeon.
You visited 1 branch of the dungeon, and saw 4 of its levels.

You collected 204 gold pieces.

Inventory:

Hand Weapons
 k - a +0 spear (weapon)
   (You found it on level 1 of the Dungeon)
Armour
 i - a +2 cloak (worn)
   (You found it on level 1 of the Dungeon)
 o - a +0 leather armour (worn)
   (You found it on level 2 of the Dungeon)
 u - a +0 pair of gloves (worn)
   (You found it on level 4 of the Dungeon)
Jewellery
 e - a ring of see invisible (left hand)
   (You found it on level 2 of the Dungeon)
 v - a ring of magical power (right hand)
   (You found it on level 4 of the Dungeon)
Wands
 l - a wand of charming (12)
   (You found it on level 2 of the Dungeon)
Scrolls
 c - a scroll of magic mapping {unknown}
 f - 4 scrolls of identify {@r1}
 h - a scroll of poison {unknown}
 m - a scroll of fear {unknown}
 r - 2 scrolls of torment {!r}
 s - a scroll of teleportation {unknown}
 t - a scroll of summoning {unknown}
Potions
 a - a potion of resistance {unknown}
 b - a potion of magic
 d - a potion of attraction {unknown}
 j - 2 potions of heal wounds {unknown}
 p - 2 potions of curing {unknown}
 q - a potion of berserk rage {unknown}


   Skills:
 - Level 2.4 Dodging
 - Level 2.4 Stealth
 + Level 5.5 Spellcasting
 * Level 7.9 Necromancy


You had 12 spell levels left.
You knew the following spells:

 Your Spells              Type           Power      Damage    Failure   Level
a - Necrotise             Necr           100%       1d9       1%          1
b - Vampiric Draining     Necr           37%        2d8       1%          3

Your spell library contained the following spells:

 Spells                   Type           Power      Damage    Failure   Level
 Animate Dead             Necr           37%        N/A       6%          4
 Summon Small Mammal      Summ           20%        N/A       17%         1
 Agony                    Necr           37%        N/A       19%         5
 Call Canine Familiar     Summ           5%         N/A       45%         3
 Summon Guardian Golem    Hex/Summ       5%         N/A       45%         3


Dungeon Overview and Level Annotations

Branches:
Dungeon (4/15) Zot: 20383
 Temple: D:4-7

Altars:
Vehumet
Zin

Shops:
D:3 *


Message History

You are too injured to fight recklessly!
You are too injured to fight recklessly!
You are too injured to fight recklessly!
You are too injured to fight recklessly!
You are too injured to fight recklessly!
Reach: k) +0 spear
Aim: a phantom (moderately damaged, about 50% to evade your +0 spear)
You closely miss the phantom. The phantom hits you.
* * * LOW HITPOINT WARNING * * *
Reach: k) +0 spear
Aim: a phantom (moderately damaged, about 50% to evade your +0 spear)
You miss the phantom. The phantom closely misses you.
Reach: k) +0 spear
Aim: a phantom (moderately damaged, about 50% to evade your +0 spear)
You barely miss the phantom.
The phantom hits you but does no damage.
Reach: k) +0 spear
Aim: a phantom (moderately damaged, about 50% to evade your +0 spear)
You barely miss the phantom.
The phantom hits you but does no damage.
Reach: k) +0 spear
Aim: a phantom (moderately damaged, about 50% to evade your +0 spear)
You closely miss the phantom.
The phantom hits you but does no damage.
Reach: k) +0 spear
Aim: a phantom (moderately damaged, about 50% to evade your +0 spear)
You hit the phantom. The phantom hits you.
* * * LOW HITPOINT WARNING * * *
The phantom blinks!
You blink.
The phantom hits you.
* * * LOW HITPOINT WARNING * * *
The phantom blinks!
You blink.
Found a dagger.
Found a stone staircase leading down.
As you read the scroll labelled CEKEUS HOLUSK, it crumbles to dust.
Magic quickly surges around you.
It was a scroll of vulnerability.
The phantom closely misses you.
There is a stone staircase leading down here.
The phantom attacks as you move away! The phantom completely misses you.
There is a stone staircase leading up here.
Okay, then.
Okay, then.
As you read the scroll labelled KAEKEWITRIVVE, it crumbles to dust.
It is a scroll of identify.
r - 2 scrolls of torment The phantom barely misses you.
As you read the scroll labelled GARCHI FUOBESCH, it crumbles to dust.
You hear a loud clanging noise!
It was a scroll of noise.
You hear a shout!
The phantom hits you.
You die...

#.. ##...#) #.# .....
#.# #..#
#.########..#
##...........##
#.....###.....## #
####..#>.##........
#.#........##......##
#.#.@W.....##.#...###
#..........#.....$...
###..............####
#..........###.#
#.......#### #.#
#..<.......# #.#
###........# #.#
##...>...# #..
###)....# ###


You could see a phantom (weak-willed).

Vanquished Creatures
  A water moccasin (D:3)
  Jessica (D:3)
  An iguana (D:3)
  An orc wizard (D:3)
  3 adders
  2 dart slugs
  4 orcs (D:3)
  5 ball pythons
  6 endoplasms
  3 giant cockroaches
  9 goblins
  8 hobgoblins
  3 jackals (D:2)
  4 quokkas
  10 bats
  9 frilled lizards
  3 kobolds
  6 rats
79 creatures vanquished.

Vanquished Creatures (collateral kills)
  An endoplasm (D:1)
  A giant cockroach (D:2)
  2 hobgoblins (D:2)
  A ball python (D:2)
  A frilled lizard (D:1)
6 creatures vanquished.

Grand Total: 85 creatures vanquished

Notes
Turn   | Place    | Note
-------+----------+-------------------------------------------
     0 | D:1      | GeoRichter the Deep Elf Necromancer began the quest for the
                  | Orb.
     0 | D:1      | Reached XP level 1. HP: 10/10 MP: 6/6
    38 | D:1      | Reached skill level 5 in Necromancy
   201 | D:1      | Reached XP level 2. HP: 15/15 MP: 6/8
   770 | D:1      | Reached XP level 3. HP: 19/19 MP: 7/10
  1442 | D:1      | Learned a level 3 spell: Vampiric Draining
  1598 | D:2      | Reached skill level 6 in Necromancy
  1637 | D:2      | Reached XP level 4. HP: 23/24 MP: 1/12
  2419 | D:3      | Found Zin's Purification Station.
  2426 | D:3      | Found a glowing silver altar of Zin.
  2600 | D:3      | Found a radiant altar of Vehumet.
  2918 | D:3      | Noticed a water moccasin
  2931 | D:3      | Killed a water moccasin
  2932 | D:3      | Reached skill level 5 in Spellcasting
  2932 | D:3      | Reached skill level 7 in Necromancy
  2932 | D:3      | Reached XP level 5. HP: 28/28 MP: 0/14
  3289 | D:3      | Noticed Jessica
  3295 | D:3      | Reached XP level 6. HP: 32/32 MP: 10/16
  3302 | D:3      | Killed Jessica
  3601 | D:4      | HP: 1/32 [phantom (4)]
  3614 | D:4      | Slain by a phantom

Illustrated notes

Levels and vault maps discovered:
D:1:      kennysheep_arrival_forest, layout_basic
D:2:      layout_basic, glass_columns_b
D:3:      layout_loops_ring, zin_purify, mainiacjoe_overflow_alcove_2,
          dreamdust_princess_corridor, uniq_jessica
D:4:      layout_loops_ring

Skill      XL: |  1  2  3  4 |
---------------+-------------+-----
Necromancy     | 5 6 7 |  7.9
Spellcasting   | 4 5 |  5.5
Dodging        | |  2.4
Stealth        | |  2.4

Action                   |  1- 3 |  4- 6 || total
-------------------------+-------+-------++-------
Melee: Dagger            |     2 |       ||     2
       Spear             |     4 |    31 ||    35
 Cast: Necrotise         |    65 |    76 ||   141
       Vampiric Draining |       |     2 ||     2
  Use: Scroll            |       |     3 ||     3
 Stab: Sleeping          |     1 |       ||     1
Armor: Robe              |     5 |     3 ||     8
       Leather armour    |       |    17 ||    17
Dodge: Dodged            |    11 |    31 ||    42
